 Dungeon Crawl Stone Soup version 0.29.0-11-gd7f09526c8 (webtiles) character file.

Game seed: 17993112045688374265

14121 groovy9 the Grappler (level 11, -4/115 HPs)
             Began as a Troll Berserker on Sept 6, 2022.
             Was a High Priest of Trog.
             Slain by an orc warlord
             ... wielding a +0 great mace
              (28 damage)
             ... on level 2 of the Orcish Mines on Sept 7, 2022.
             The game lasted 00:56:29 (8840 turns).

groovy9 the Grappler (Troll Berserker)              Turns: 8840, Time: 00:56:30

Health: -4/115     AC: 16    Str: 31    XL:     11   Next: 84%
Magic:  10/10      EV: 11    Int:  3    God:    Trog [*****.]
Gold:   1994       SH:  5    Dex:  9    Spells: 10/10 levels left

rFire   . . .      SeeInvis +     - Unarmed
rCold   . . .      Faith    .   (no shield)
rNeg    . . .      Spirit   .   y - +0 swamp dragon scales
rPois   +          Reflect  +   t - +2 hat
rElec   .          Harm     .   p - +0 cloak
rCorr   .          Rampage  .   (gloves unavailable)
Will    .....                   (boots unavailable)
Stlth   ..........              D - amulet of reflection
HPRegen 1.09/turn               O - ring of see invisible
MPRegen 0.12/turn               u - +4 ring of protection

@: about to teleport, on berserk cooldown, slowed, studying Maces & Flails, very
slow
A: large, unfitting armour, claws 3, regeneration 1, shaggy fur 1, tough skin 1
a: Renounce Religion, Berserk, Trog's Hand, Brothers in Arms


You were on level 2 of the Orcish Mines.
You worshipped Trog.
Trog was extremely pleased with you.
You visited 2 branches of the dungeon, and saw 11 of its levels.

You collected 2064 gold pieces.
You spent 70 gold pieces at shops.

Inventory:

Hand Weapons
 I - a +5 antimagic glaive
 K - a +4 dire flail of freezing
Missiles
 n - 2 throwing nets (quivered)
 o - 33 poisoned darts
Armour
 p - a +0 cloak (worn)
 t - a +2 hat (worn)
 y - +0 swamp dragon scales (worn)
 E - a +2 robe of resistance
Jewellery
 g - a ring of protection from fire
 j - a ring of positive energy
 s - a ring of resist corrosion
 u - a +4 ring of protection (right claw)
 v - a ring of magical power
 C - a ring of fire
 D - an amulet of reflection (around neck)
 O - a ring of see invisible (left claw)
Wands
 k - a wand of mindburst (9)
 m - a wand of roots (5)
 w - a wand of charming (20)
 H - a wand of quicksilver (9)
 L - a wand of digging (8)
 N - a wand of flame (1)
Scrolls
 c - 2 scrolls of silence
 d - 2 scrolls of immolation
 e - 2 scrolls of poison
 i - 4 scrolls of fear
 z - a scroll of teleportation
 G - a scroll of identify
Potions
 a - 3 potions of magic
 b - 4 potions of curing
 f - 2 potions of haste
 h - a potion of brilliance
 l - 2 potions of lignification
 q - 2 potions of berserk rage
 r - a potion of resistance
 x - a potion of cancellation
 A - a potion of might
 B - 2 potions of heal wounds
 F - 2 potions of invisibility


   Skills:
 * Level 9.3 Fighting
 + Level 9.8 Dodging
 - Level 12.1 Unarmed Combat


You had 10 spell levels left.
You didn't know any spells.
Your spell library contained the following spells:

 Spells                   Type           Power      Damage    Failure   Level
 Stone Arrow              Conj/Erth      0%         3d7       95%         3
 Animate Armour           Summ/Erth      0%         N/A       100%        4
 Lehudib's Crystal Spear  Conj/Erth      0%         10d2      100%        8


Dungeon Overview and Level Annotations

Branches:
Dungeon (9/15)             Temple (0/1) D:5            Lair (0/5) D:9
    Orc (2/2) D:9
    Elf: Orc:2

Altars:
Cheibriados
Dithmenos
Gozag
Makhleb
Sif Muna
Vehumet
Wu Jian
The Shining One

Shops:
D:7 (   Orc:1 *


Innate Abilities, Weirdness & Mutations

You are too large for most types of armour.
You have claws for hands.
Your natural rate of healing is unusually fast.
You are covered in fur. (AC +1)
You have tough skin. (AC +1)


Message History

The orc knight is almost dead.
You closely miss the orc knight. You claw the orc knight.
The orc knight is almost dead.
The orc knight hits you with a +0 war axe!!!
You hear a shout! x2
You claw the orc knight!
The orc knight is almost dead.
You scratch the orc knight.
You kill the orc knight!
Trog accepts your kill.
An orc warrior comes into view. It is wielding a +0 hand axe.
The orc warrior shouts!
Items here: ))) [[ ††.
You feel a strong urge to attack something.
An orc sorcerer comes into view. It is wielding a +0 dagger.
You claw the orc warlord!
The orc warlord is lightly wounded.
You mangle the orc warlord!! Your claw misses the orc warlord.
The orc warlord is moderately wounded.
You hear a shout! x2
An orc sorcerer comes into view. It is wielding a +0 dagger.
The orc warlord hits you with a +0 great mace!
You mangle the orc warlord!!
The orc warlord is heavily wounded.
The orc warlord roars a battlecry!
You hear a shout!
You barely miss the orc warlord.
The orc warlord is heavily wounded.
You are no longer berserk.
You are exhausted.
You feel yourself slow down.
As you read the scroll of teleportation, it crumbles to dust.
You feel strangely unstable. The orc sorcerer casts a spell at you.
The bolt of fire hits you!
* * * LOW HITPOINT WARNING * * *
The orc warlord misses you.
An orc warrior comes into view. It is wielding a +0 mace.
The orc warlord hits you with a +0 great mace!!
You die...

......#..............#....#..##.#
..............#......#.......#...
#.#........#.#...#..##......##...
...#..)...#.................#....
#......#.#............#...##.##
#.<#.......................###
#..........................##
##.......#....o.)........###
#....#....#...o@.##.......#
..........#....#######.#.##
.............o### #####
...##..P.P..o# ... ...P...#


.PoP o.. You could see an orc warlord (strong), 2 orc sorcerers and 2 orc
warriors.

Vanquished Creatures
  3 two-headed ogres
  Nergalle (D:9)
  Pikel (D:5)
  An orc knight (Orc:2)
  An orc sorcerer (D:9)
  Maggie (D:6)
  2 unseen horrors (D:8)
  A kobold demonologist (D:8)
  Psyche (D:8)
  2 hellwings (D:9)
  2 trolls (D:9)
  Grinder (D:5)
  10 yaks
  A wyvern (D:8)
  A neqoxec (D:9)
  2 steam dragons
  A warg (Orc:2)
  2 water moccasins
  9 orc warriors
  4 black bears
  2 ice beasts
  A sky beast (D:5)
  4 centaurs
  4 wolves
  3 ogres
  A lemure (D:5)
  3 kobold brigands
  A phantom (D:5)
  2 gnoll sergeants
  7 scorpions
  A necrophage (D:6)
  11 wights
  6 killer bees (D:5)
  5 electric eels (D:9)
  4 howler monkeys
  A crimson imp (D:9)
  6 hounds
  A jelly (D:5)
  7 orc priests
  A quasit (D:9)
  3 iguanas
  Jessica (D:2)
  Ijyb (D:4)
  14 orc wizards
  16 gnolls
  12 adders
  A shadow imp (D:5)
  3 white imps
  2 ufetubi
  3 worms
  5 dart slugs
  45 orcs
  6 ball pythons
  9 bats
  4 endoplasms
  4 giant cockroaches
  17 goblins
  8 hobgoblins
  12 jackals
  24 kobolds
  3 quokkas
  7 frilled lizards
  6 rats
324 creatures vanquished.

Vanquished Creatures (others)
  2 kobolds
  6 demonic plants (D:9)
  3 fungi (Orc:2)
  11 plants
22 creatures vanquished.

Grand Total: 346 creatures vanquished

Notes
Turn   | Place    | Note
-------+----------+-------------------------------------------
     0 | D:1      | groovy9 the Troll Berserker began the quest for the Orb.
     0 | D:1      | Reached XP level 1. HP: 22/22 MP: 0/0
     0 | D:1      | Noticed an iron dragon
     0 | D:1      | Noticed a golden dragon
     6 | D:1      | Noticed a golden dragon
     7 | D:1      | Noticed a large abomination
     8 | D:1      | Noticed an iron dragon
     9 | D:1      | Noticed a purple draconian
    11 | D:1      | Noticed a tentacled monstrosity
    13 | D:1      | Noticed an ice dragon
    13 | D:1      | Noticed an orb of fire
    15 | D:1      | Noticed a shadow dragon
    15 | D:1      | Noticed a shadow dragon
    17 | D:1      | Noticed a golden dragon
    17 | D:1      | Noticed an iron dragon
    19 | D:1      | Noticed a large abomination
    19 | D:1      | Noticed a red draconian
    21 | D:1      | Noticed a tentacled monstrosity
    63 | D:1      | Reached XP level 2. HP: 29/29 MP: 1/1
    89 | D:1      | Found a faded altar of an unknown god.
   498 | D:2      | Reached ** piety under Trog
   517 | D:2      | Reached XP level 3. HP: 36/36 MP: 2/2
   603 | D:2      | Reached skill level 4 in Unarmed Combat
   646 | D:2      | Noticed Jessica
   659 | D:2      | Killed Jessica
  1022 | D:2      | Reached XP level 4. HP: 44/44 MP: 3/3
  1261 | D:3      | Found a shadowy altar of Dithmenos.
  1451 | D:3      | Reached skill level 5 in Unarmed Combat
  1690 | D:3      | Reached XP level 5. HP: 48/50 MP: 4/4
  1697 | D:3      | Reached *** piety under Trog
  2421 | D:4      | Found an opulent altar of Gozag.
  2477 | D:4      | Noticed Ijyb
  2498 | D:4      | Killed Ijyb
  2499 | D:4      | Reached XP level 6. HP: 59/59 MP: 5/5
  2632 | D:4      | Reached skill level 6 in Unarmed Combat
  3021 | D:4      | Found a shimmering blue altar of Sif Muna.
  3171 | D:5      | Entered Level 5 of the Dungeon
  3244 | D:5      | Reached XP level 7. HP: 49/66 MP: 6/6
  3247 | D:5      | Reached skill level 7 in Unarmed Combat
  3285 | D:5      | Found a transporter.
  3286 | D:5      | Found a transporter.
  3292 | D:5      | Noticed a two-headed ogre
  3293 | D:5      | Found a glowing golden altar of the Shining One.
  3317 | D:5      | Killed a two-headed ogre
  3318 | D:5      | Reached skill level 5 in Dodging
  3318 | D:5      | Reached skill level 9 in Unarmed Combat
  3318 | D:5      | Reached XP level 8. HP: 27/74 MP: 7/7
  3401 | D:5      | Found a staircase to the Ecumenical Temple.
  3410 | D:5      | Reached **** piety under Trog
  3857 | D:5      | Reached skill level 10 in Unarmed Combat
  3868 | D:5      | Noticed Grinder
  3868 | D:5      | Noticed Pikel
  3873 | D:5      | Killed Grinder
  3874 | D:5      | Reached XP level 9. HP: 80/80 MP: 8/8
  3881 | D:5      | Killed Pikel
  4077 | D:5      | Reached skill level 11 in Unarmed Combat
  4098 | D:6      | Noticed Maggie
  4170 | D:6      | Killed Maggie
  4389 | D:6      | Reached skill level 12 in Unarmed Combat
  4642 | D:7      | Found Nuwoehuu's Antique Weapon Shop.
  4747 | D:7      | Reached XP level 10. HP: 86/88 MP: 9/9
  4868 | D:7      | Identified the +3 flail of Midsummer {drain, rCorr}
  5662 | D:8      | Reached ***** piety under Trog
  5845 | D:8      | Found a snail-covered altar of Cheibriados.
  5947 | D:8      | Found a flagged portal.
  6073 | D:8      | Reached skill level 5 in Fighting
  6083 | D:8      | Received a gift from Trog
  6108 | D:9      | Noticed Psyche
  6230 | D:8      | Killed Psyche
  6365 | D:9      | Found a staircase to the Lair.
  6536 | D:9      | Reached XP level 11. HP: 107/107 MP: 10/10
  7146 | D:9      | Found an ornate altar of the Wu Jian Council.
  7272 | D:9      | Found a staircase to the Orcish Mines.
  7441 | D:9      | Noticed a two-headed ogre
  7449 | D:9      | Killed a two-headed ogre
  7502 | D:9      | Found a burning altar of Makhleb.
  7502 | D:9      | Found a radiant altar of Vehumet.
  7672 | D:9      | Identified a scroll of acquirement
  7672 | D:9      | Acquired 809 gold pieces
  7763 | Orc:1    | Entered Level 1 of the Orcish Mines
  7763 | Orc:1    | Noticed Nergalle
  7911 | D:9      | Noticed a spectral orc warlord
  7911 | D:9      | Noticed a spectral orc warlord
  7915 | D:9      | Killed Nergalle
  8136 | Orc:1    | Found Gyud's Assorted Antiques.
  8150 | Orc:1    | Noticed an orc sorcerer
  8225 | D:9      | Killed an orc sorcerer
  8388 | Orc:1    | Bought a scroll of identify for 70 gold pieces
  8533 | Orc:2    | Entered Level 2 of the Orcish Mines
  8633 | Orc:2    | Noticed a two-headed ogre
  8647 | Orc:1    | Killed a two-headed ogre
  8806 | Orc:2    | Noticed an orc high priest
  8818 | Orc:2    | Noticed an orc knight
  8824 | Orc:2    | Noticed an orc warlord
  8833 | Orc:2    | Killed an orc knight
  8835 | Orc:2    | Noticed an orc sorcerer
  8837 | Orc:2    | Noticed an orc sorcerer
  8840 | Orc:2    | Slain by an orc warlord

Illustrated notes

Levels and vault maps discovered:
D:1:      shiori_arrival_whats_in_store_for_you, layout_rooms,
          hellmonk_ecumenical_altar_heavens_door
D:2:      layout_loops_ring, serial_forest, infiniplex_forest_lined_ring,
          infiniplex_forest_corner_2, infiniplex_forest_clump_medium,
          infiniplex_forest_clump_small, infiniplex_forest_clump_diagonal,
          infiniplex_forest_clump_small, infiniplex_forest_clump_medium,
          infiniplex_forest_clump_small, infiniplex_forest_clump_curved,
          minmay_split_cup_large, uniq_jessica
D:3:      layout_loops_corners, nicolae_overflow_crystal_walls,
          minmay_misc_feat_more_columns
D:4:      kennysheep_the_goblin_king, layout_gridville,
          nicolae_gozag_cash_rules_everything_around_me, led_sif_pool,
          serial_forest, infiniplex_forest_clump_double,
          infiniplex_forest_lined_2, infiniplex_forest_clump_long,
          infiniplex_forest_straight_3, infiniplex_forest_clump_small,
          infiniplex_forest_lined_2, infiniplex_forest_zigzag_1,
          infiniplex_forest_end_1, chequers_serial_rivers_micro_e,
          kennysheep_minor_cross, hangedman_abyss_or_decor_stabs
D:5:      layout_basic, gammafunk_temple_overflow_arena,
          minmay_temple_entry_large_hall, chequers_jeans,
          minmay_manual_monstrance, uniq_grinder, uniq_pikel
D:6:      layout_rooms, uniq_maggie
D:7:      layout_loops_ring, serial_shops, nicolae_stop_n_shop_2
D:8:      layout_basic, old_standard_altar, enter_bailey_3, minivault_23,
          minmay_misc_feat_diagonals
D:9:      old_forge, layout_long_grid,
          grunt_temple_overflow_lords_of_destruction,
          nicolae_overflow_hidden_temple, erik_lair_island, orc_0_dummy,
          serial_demonic, serial_demonic_f, serial_demonic_b, serial_demonic_b,
          serial_demonic_g, david_defended_altar_orc, uniq_psyche
Orc:1:    layout_caves, serial_shops, shop, uniq_nergalle
Orc:2:    grunt_orc_gardens, layout_caves, grunt_orc_garden, grunt_orc_garden,
          grunt_orc_garden, grunt_orc_garden, gauntlet_entry_generic,
          minmay_orc_keep

Skill      XL: |  1  2  3  4  5  6  7  8  9 10 11 |
---------------+----------------------------------+-----
Unarmed Combat | 4 5 6 9 10 12 | 12.1
Dodging        | 3 4 5 6 7 8 9 |  9.8
Fighting       | 6 9 |  9.3

Action                   |  1- 3 |  4- 6 |  7- 9 | 10-12 || total
-------------------------+-------+-------+-------+-------++-------
Melee: Unarmed           |    86 |   171 |   190 |   443 ||   890
       Punch             |     1 |     1 |     4 |    27 ||    33
Invok: Trog's Hand       |     1 |       |     2 |     2 ||     5
       Berserk           |       |       |     4 |     9 ||    13
Evoke: Wand              |       |       |       |     1 ||     1
  Use: Scroll            |       |    14 |     1 |     6 ||    21
       Potion            |       |     2 |     2 |     1 ||     5
Armor: Animal skin       |    37 |    76 |    97 |       ||   210
       Swamp dragon scal |       |       |    18 |   244 ||   262
Dodge: Dodged            |    41 |    75 |   131 |   222 ||   469
Block: Other             |       |       |     7 |   111 ||   118
       Reflection        |       |       |     3 |     4 ||     7
